 Dungeon Crawl Stone Soup version 0.30-a0-972-gf3ab3527aa (webtiles) character file.

Game seed: 16846056783129272820

57540 Shard1697 the Basher (level 14, -2/133 HPs)
             Began as an Armataur Fighter on Apr 1, 2023.
             Was a High Priest of Okawaru.
             Engulfed by a cloud of foul pestilence (14 damage)
             ... on level 3 of the Lair of Beasts.
             The game lasted 00:33:29 (15193 turns).

Shard1697 the Basher (Armataur Fighter)            Turns: 15193, Time: 00:33:29

Health: -2/133     AC: 37    Str: 29    XL:     14   Next: 46%
Magic:  21/21      EV:  5    Int: 10    God:    Okawaru [*****.]
Gold:   929        SH: 15    Dex: 12    Spells: 13/13 levels left

rFire   + + .      SeeInvis .    a - +9 mace "Hebipherr" {heavy, rF+}
rCold   + . .      Faith    .    O - +4 kite shield {AC+3}
rNeg    . . .      Spirit   .    c - +15 Maxwell's patent armour {-Cast -Tele rElec Will+ rCorr}
rPois   +          Reflect  .    T - +1 hat {Will+}
rElec   +          Roll     +    J - +2 cloak {rPois}
rCorr   +          NoTele   +    s - +1 pair of gloves
Will    ++++.      NoCast   +    (no barding) Stlth
                                 u - amulet of regeneration
HPRegen 1.22/turn                L - +6 ring of strength
MPRegen 0.17/turn                W - ring "Wiemixin" {rF+ rC+ Will+}

@: lethally poisoned (-2 -> -11), hasted and slowed
A: large, rugged brown scales 3, deformed body, armoured tail, roll, long
tongue, awkward tongue
a: Renounce Religion, Heroism, Finesse, Duel


You were on level 3 of the Lair of Beasts.
You worshipped Okawaru.
Okawaru was extremely pleased with you.
You visited 4 branches of the dungeon, and saw 22 of its levels.
You also visited: Volcano.

You collected 2117 gold pieces.
You spent 1188 gold pieces at shops.

Inventory:

Hand Weapons
 a - the +9 mace "Hebipherr" (weapon) {heavy, rF+}
   (You bought it in a shop on level 2 of the Dungeon)

   rF:        It protects you from fire.
 b - a +2 heavy broad axe
 I - a +2 flail of protection
Missiles
 P - 3 javelins (quivered)
Armour
 c - the +15 Maxwell's patent armour (worn) {-Cast -Tele rElec Will+ rCorr}
   (You found it on level 1 of the Orcish Mines)

   rElec:     It insulates you from electricity.
   -Cast:     It prevents spellcasting.
   -Tele:     It prevents most forms of teleportation.
   rCorr:     It protects you from acid and corrosion.
   Will:      It increases your willpower.
 s - a +1 pair of gloves (worn)
 w - a +1 leather armour of willpower
 z - a scarf of invisibility
 H - +0 fire dragon scales
 J - a +2 cloak of poison resistance (worn)
 O - a +4 kite shield of protection (worn)
 T - a +1 hat of willpower (worn)
 X - a +4 chain mail of fire resistance
Jewellery
 e - a ring of willpower
 u - an amulet of regeneration (around neck)
 y - the amulet of Gopruace {RegenMP Regen+ Int+2 Dex-4}
   (You found it on level 4 of the Dungeon)

   [amulet of magic regeneration]

   It increases your rate of magic regeneration.
   Int:       It affects your intelligence (+2).
   Dex:       It affects your dexterity (-4).
   Regen:     It increases your rate of health regeneration.
 G - a ring of positive energy
 L - a +6 ring of strength (left hand)
 R - an amulet of reflection
 W - the ring "Wiemixin" (right hand) {rF+ rC+ Will+}
   (You bought it in a shop on level 2 of the Orcish Mines)

   [ring of protection from fire]

   rF:        It protects you from fire.
   rC:        It protects you from cold.
   Will:      It increases your willpower.
 Y - a ring of resist corrosion
 Z - a ring of see invisible
Wands
 m - a wand of flame (51)
 A - a wand of digging (3)
 E - a wand of polymorph (11)
Scrolls
 i - a scroll of noise
 j - 2 scrolls of immolation
 o - 3 scrolls of poison
 q - 2 scrolls of magic mapping
 r - 4 scrolls of identify
 t - 2 scrolls of blinking
 C - 3 scrolls of fear
 M - 2 scrolls of fog
 Q - 2 scrolls of vulnerability
 U - 3 scrolls of teleportation
Potions
 d - 3 potions of might
 g - a potion of magic
 h - 2 potions of brilliance
 k - a potion of curing
 n - 4 potions of lignification
 v - 6 potions of mutation
 x - 3 potions of resistance
 B - 4 potions of haste
 D - 2 potions of flight
 F - 5 potions of attraction
 K - 2 potions of berserk rage
 S - a potion of cancellation


   Skills:
 * Level 11.8 Fighting
 + Level 14.4 Maces & Flails
 + Level 5.3 Throwing
 + Level 9.4 Armour
 + Level 2.3 Dodging
 * Level 10.8 Shields
 + Level 9.5 Invocations


You had 13 spell levels left.
You didn't know any spells.
Your spell library contained the following spells:

 Spells                   Type           Power      Damage    Failure   Level
 Sandblast                Erth           0%         2d4       99%         1
 Blink                    Tloc           0%         N/A       100%        2
 Ensorcelled Hibernation  Hex/Ice        0%         N/A       100%        2
 Lesser Beckoning         Tloc           0%         N/A       100%        2
 Momentum Strike          Conj/Tloc      0%         3d8       100%        2
 Passwall                 Tmut/Erth      0%         N/A       100%        2
 Dazzling Flash           Conj/Hex       0%         N/A       100%        3
 Gell's Gravitas          Tloc           0%         N/A       100%        3
 Ignite Poison            Fire/Tmut/Pois 0%         N/A       100%        3
 Kindle Blastsparks       Fire/Tloc/Air  0%         2d10      100%        3
 Spider Form              Tmut/Pois      0%         N/A       100%        3
 Stone Arrow              Conj/Erth      0%         3d7       100%        3
 Teleport Other           Tloc           0%         N/A       100%        3
 Vhi's Electric Charge    Tloc/Air       0%         N/A       100%        3
 Anguish                  Hex/Necr       0%         N/A       100%        4
 Agony                    Necr           0%         N/A       100%        5
 Arcjolt                  Conj/Air       0%         1d10      100%        5
 Freezing Cloud           Conj/Ice/Air   0%         6-21      100%        5
 Silence                  Hex/Air        0%         N/A       100%        5
 Storm Form               Tmut/Air       0%         N/A       100%        7
 Maxwell's Capacitive Co  Air            0%         ∞         100%        8
 Summon Lightning Spire   Summ/Air       Unusable   N/A       N/A         4

Dungeon Overview and Level Annotations

Branches:
Dungeon (14/15)            Temple (1/1) D:5            Lair (5/5) D:11
 Spider (0/4) Lair:2          Orc (2/2) D:12            Elf (0/3) Orc:2
Volcano (visited)
  Swamp: Lair:2-3    Shoals: Lair:2-3     Slime: Lair:4-5    Vaults: D:13-14

Altars:
Elyvilon
Fedhas
Gozag
Hepliaklqana
Kikubaaqudgha
Makhleb
Nemelex Xobeh
Okawaru
Qazlal
Sif Muna
Vehumet
Xom
Zin

Shops:
D:2 (   D:3 [   D:7 (   D:13 ?   Orc:2 *[=(

Annotations:
D:5 exclusion: 2 doors
Lair:1 2 transporters
Lair:3 1 transporter


Innate Abilities, Weirdness & Mutations

You are completely covered in rugged brown scales. (AC +3, +7% HP)
Armour fits poorly on your strangely shaped body.
You have a long armoured tail.
You roll when moving toward enemies. (Rampage)
Your long tongue fully drains potion bottles. (2x potion effects)
Your tongue gives you trouble enunciating. (1.5x scroll delay)


Message History

The swamp worm fires a harpoon shot at you.
The harpoon shot hits you!
* * * LOW HITPOINT WARNING * * *
You are yanked forward by the harpoon shot.
You violently stop moving!
* * * LOW HITPOINT WARNING * * *
The swamp worm fires a harpoon shot at you.
The harpoon shot hits you but does no damage.
The swamp worm fires a harpoon shot at you.
The harpoon shot hits you but does no damage.
You feel better.
You slurp down every last drop of the potion of curing!
You are engulfed in dark miasma.
You feel as though you will be slow longer.
* * * LOW HITPOINT WARNING * * *
The swamp worm fires a harpoon shot at you.
You block the harpoon shot.
The swamp worm fires a harpoon shot at you.
The harpoon shot hits you but does no damage.
The swamp worm fires a harpoon shot at you.
The harpoon shot hits you.
* * * LOW HITPOINT WARNING * * *
You are yanked forward by the harpoon shot.
You violently stop moving!
* * * LOW HITPOINT WARNING * * *
Unknown command.
Press: ? - help, v - describe, . - travel The floor.
There is a cloud of foul pestilence here.
You feel yourself speed up.
You slurp down every last drop of the potion of haste!
You are engulfed in dark miasma.
You are poisoned.
You die...

##....".....................#
##..............©...........#
#.[...........#####.........#
##..........###P©P###.......#
#..........##≈P^P≈w#......##
#..........#w≈P^§≈##.......# ##
...........†##≈.^P§w#......###..
.............#♣≈P§§###...........
...........#.###@^.§w#...........
......"......#w≈P^P≈##...........
........##§P☼P≈w#...........
......#.####+####...........
..........#)/[#.............
.......P..#[©=#.............
..........#####.............
............©..........##...
.......###.####........#####


You could see 5 swamp worms.

Vanquished Creatures
  Kirke (Lair:3)
  An orc warlord (Orc:2)
  An ice dragon (D:9)
  An ogre mage (D:10)
  4 hydras
  A boulder beetle (D:11)
  A dancing weapon (Volcano)
  2 two-headed ogres
  The ghost of MrSquiggles the Transmogrifier, a journeyman OpTm of Gozag (Orc:1)
  4 orc high priests (Orc:2)
  Nergalle (D:12)
  4 wizards (Volcano)
  A lindwurm (Lair:1)
  An orb spider (Lair:2)
  4 orc knights
  Pikel (D:6)
  3 ugly things
  An oklob plant (Lair:2)
  A cyclops (D:10)
  4 orc sorcerers (Orc:2)
  3 toenail golems (Volcano)
  Maurice (D:8)
  Joseph (D:8)
  A black mamba (Lair:4)
  4 cane toads
  2 gargoyles
  A rime drake (Lair:3)
  A kobold demonologist (D:12)
  5 komodo dragons
  2 efreet
  2 trolls
  Prince Ribbit (D:7)
  A hornet (D:7)
  4 blink frogs (Lair:3)
  Sigmund (D:3)
  2 shadows
  2 slime creatures (D:12)
  3 wyverns
  32 yaks
  A vampire (D:12)
  3 wraiths
  5 humans (Lair:3)
  2 hogs (Lair:3)
  A basilisk (Lair:4)
  A hog (shapeshifter) (D:9)
  Eustachio (D:4)
  The ghost of mandoloar the Conjurer, an amateur DgCj (D:4)
  2 steam dragons
  Edmund (D:4)
  Menkaure (D:5)
  An acid dragon (D:11)
  6 wargs (Orc:2)
  6 water moccasins
  2 sky beasts
  40 orc warriors
  2 ice beasts
  3 black bears
  9 ogres
  4 wolves (Orc:2)
  6 centaurs
  3 phantoms
  2 gnoll sergeants
  13 bullfrogs
  7 scorpions
  5 wights (D:9)
  16 killer bees
  13 electric eels (D:11)
  2 howler monkeys
  2 hounds
  5 jellies
  A gnoll bouda (D:6)
  31 orc priests
  A sleepcap (D:4)
  3 iguanas
  27 orc wizards
  Robin (D:4)
  6 gnolls
  12 adders
  A shadow imp (D:5)
  A white imp (D:7)
  An ufetubus (D:7)
  3 worms
  7 dart slugs
  84 orcs
  4 ball pythons (D:1)
  7 bats
  10 endoplasms
  4 giant cockroaches
  12 goblins
  11 hobgoblins
  5 quokkas
  2 frilled lizards (D:1)
  2 kobolds
  9 rats
518 creatures vanquished.

Vanquished Creatures (others)
  A shadow (D:11)
  An orc (Orc:2)
  3 briar patches (Lair:3)
  7 fungi
  11 plants
23 creatures vanquished.

Grand Total: 541 creatures vanquished

Notes
Turn   | Place    | Note
-------+----------+-------------------------------------------
     0 | D:1      | Shard1697 the Armataur Fighter began the quest for the Orb.
     0 | D:1      | Reached XP level 1. HP: 19/19 MP: 1/1
    75 | D:1      | Reached skill level 2 in Maces & Flails
   126 | D:1      | Reached XP level 2. HP: 25/26 MP: 2/2
   423 | D:1      | Reached skill level 3 in Maces & Flails
   518 | D:1      | Reached XP level 3. HP: 29/32 MP: 3/3
  1003 | D:1      | Found a faded altar of an unknown god.
  1421 | D:2      | Found Zell's Antique Weapon Shop.
  1716 | D:3      | Reached skill level 4 in Maces & Flails
  1716 | D:3      | Reached XP level 4. HP: 36/39 MP: 4/4
  1880 | D:3      | Found Fyehyse's Armour Emporium.
  1892 | D:3      | Bought a +0 pair of gloves for 58 gold pieces
  1968 | D:3      | Reached XP level 5. HP: 38/44 MP: 5/5
  2030 | D:3      | Noticed Sigmund
  2039 | D:3      | Killed Sigmund
  2040 | D:3      | Reached skill level 5 in Maces & Flails
  2040 | D:3      | Reached XP level 6. HP: 44/53 MP: 6/6
  2234 | D:3      | Reached skill level 6 in Maces & Flails
  2453 | D:4      | Reached skill level 7 in Maces & Flails
  2480 | D:4      | Reached XP level 7. HP: 59/59 MP: 7/7
  2509 | D:4      | Identified the amulet of Gopruace {RegenMP Regen+ Int+2
                  | Dex-4}
  2572 | D:4      | Noticed Robin
  2614 | D:4      | Killed Robin
  2675 | D:4      | Found a runed translucent door.
  2711 | D:4      | Noticed Eustachio
  2713 | D:4      | Noticed Edmund
  2725 | D:4      | Killed Edmund
  2739 | D:4      | Killed Eustachio
  2740 | D:4      | Reached skill level 8 in Maces & Flails
  2901 | D:4      | Noticed mandoloar's ghost (amateur DgCj)
  2909 | D:4      | Killed mandoloar's ghost
  2910 | D:4      | Reached XP level 8. HP: 65/66 MP: 8/8
  2922 | D:5      | Entered Level 5 of the Dungeon
  2934 | D:5      | Reached skill level 9 in Maces & Flails
  2972 | D:5      | Noticed Menkaure
  2978 | D:5      | Killed Menkaure
  3039 | D:5      | Reached skill level 10 in Maces & Flails
  3260 | D:5      | Found a staircase to the Ecumenical Temple.
  3312 | Temple   | Entered the Ecumenical Temple
  3396 | Temple   | Became a worshipper of Warmaster Okawaru
  3512 | D:5      | Reached skill level 1 in Invocations
  3512 | D:5      | Reached XP level 9. HP: 64/73 MP: 9/9
  3875 | D:6      | Noticed Pikel
  3900 | D:6      | Killed Pikel
  3900 | D:6      | Reached * piety under Okawaru
  3901 | D:6      | Reached skill level 11 in Maces & Flails
  4216 | D:6      | Noticed a cyclops
  4326 | D:6      | Reached ** piety under Okawaru
  4923 | D:2      | Bought a fine mace for 192 gold pieces
  4923 | D:2      | Identified the +9 mace "Hebipherr" {heavy, rF+} (You bought
                  | it in a shop on level 2 of the Dungeon)
  4988 | D:5      | Reached skill level 13 in Maces & Flails
  4988 | D:5      | Reached XP level 10. HP: 96/96 MP: 12/16
  4988 | D:5      | Reached XP level 11. HP: 101/101 MP: 12/17
  5029 | D:7      | Noticed Prince Ribbit
  5034 | D:7      | Killed Prince Ribbit
  5184 | D:7      | Identified the +2 robe of Wisdom {rC+ Will+ Int+4}
  5253 | D:7      | Found Mupiawiman's Antique Weapon Shoppe.
  6196 | D:8      | Noticed Joseph
  6204 | D:8      | Killed Joseph
  6392 | D:8      | Reached XP level 12. HP: 111/111 MP: 18/18
  6466 | D:8      | Found a sparkling altar of Nemelex Xobeh.
  6469 | D:8      | Found a radiant altar of Vehumet.
  6476 | D:8      | Found a stormy altar of Qazlal.
  6479 | D:8      | Found a glowing silver altar of Zin.
  6488 | D:8      | Noticed Maurice
  6500 | D:8      | Killed Maurice
  6553 | D:8      | Reached *** piety under Okawaru
  6554 | D:8      | Reached skill level 5 in Shields
  7204 | D:9      | Identified the +0 scale mail of the Dice {Slay+3}
  7204 | D:9      | Noticed an ice dragon
  7214 | D:9      | Killed an ice dragon
  7241 | D:9      | Identified the +10 lajatang "Ucoc" {heavy, rF+ rCorr Dex-5}
  7302 | D:9      | Received a gift from Okawaru
  7587 | D:9      | Reached skill level 14 in Maces & Flails
  7859 | D:10     | Entered Level 10 of the Dungeon
  7903 | D:10     | Reached **** piety under Okawaru
  8125 | D:10     | Reached skill level 10 in Fighting
  8129 | D:10     | Reached skill level 1 in Throwing
  8184 | D:10     | Noticed an ogre mage
  8193 | D:10     | Killed an ogre mage
  8232 | D:10     | Reached ***** piety under Okawaru
  8233 | D:10     | Reached skill level 5 in Armour
  8738 | D:11     | Noticed a boulder beetle
  8757 | D:11     | HP: 3/113 [electric eel/bolt of electricity (6)]
  8908 | D:11     | You fall into a shaft and drop 3 floors!
  8931 | D:13     | Found Suull's Magic Scroll Boutique.
  8934 | D:13     | Bought a scroll of teleportation for 45 gold pieces
  8934 | D:13     | Bought a scroll of identify for 30 gold pieces
  9124 | D:12     | Found a staircase to the Orcish Mines.
  9176 | D:12     | Received a gift from Okawaru
  9178 | D:12     | Noticed a two-headed ogre
  9211 | D:12     | Killed a two-headed ogre
  9212 | D:12     | Reached XP level 13. HP: 64/121 MP: 19/19
  9496 | D:12     | Noticed Nergalle
  9510 | D:12     | Killed Nergalle
 10236 | D:11     | Found a staircase to the Lair.
 10575 | D:11     | Reached skill level 1 in Dodging
 11070 | Orc:1    | Entered Level 1 of the Orcish Mines
 11212 | Orc:1    | Found the +15 Maxwell's patent armour {-Cast -Tele rElec
                  | Will+ rCorr}
 11325 | Orc:1    | Found a large runed translucent door.
 11325 | Orc:1    | Found a large runed translucent door.
 11402 | Orc:1    | Noticed MrSquiggles's ghost (journeyman OpTm)
 11569 | Orc:1    | Killed MrSquiggles's ghost
 11599 | Orc:2    | Entered Level 2 of the Orcish Mines
 11599 | Orc:2    | Found a staircase to the Elven Halls.
 11905 | Orc:2    | Noticed an orc warlord
 11917 | Orc:2    | Killed an orc warlord
 11976 | Orc:2    | Identified the +1 demon whip "Impbane" {vamp, *Noise Drain
                  | rCorr Str+8} (Okawaru gifted it to you on level 2 of the
                  | Orcish Mines)
 11976 | Orc:2    | Received a gift from Okawaru
 12426 | Orc:2    | Found Dompug's General Store.
 12427 | Orc:2    | Found Ucuukov's Jewellery Shop.
 12429 | Orc:2    | Found Ufaf's Antique Armour Shop.
 12429 | Orc:2    | Found Lapoh's Antique Weapon Boutique.
 12435 | Orc:2    | Bought the ring "Wiemixin" {rF+ rC+ Will+} for 669 gold
                  | pieces
 12439 | Orc:2    | Bought a scroll of enchant armour for 97 gold pieces
 12439 | Orc:2    | Bought a scroll of blinking for 97 gold pieces
 12708 | Lair:1   | Entered Level 1 of the Lair of Beasts
 12775 | Lair:1   | Reached skill level 10 in Shields
 12785 | Lair:1   | Found a dark tunnel.
 12794 | Volcano  | Entered a volcano
 12838 | Volcano  | Identified the +4 scale mail "Horeimips" {Harm +Blink MP-9
                  | Slay+5} (Okawaru gifted it to you in a volcano)
 12838 | Volcano  | Received a gift from Okawaru
 12850 | Volcano  | Reached XP level 14. HP: 129/132 MP: 20/20
 13202 | Lair:1   | Identified the +0 robe of the Nightingale {Regen+ Dex+3}
 13346 | Lair:1   | Found a transporter.
 13361 | Lair:1   | Found a transporter.
 13885 | Lair:2   | Found the +1 robe of Vines {NoPotionHeal Regen++++}
 14112 | Lair:2   | Found a hole to the Spider Nest.
 14125 | Lair:2   | Reached skill level 5 in Throwing
 14693 | Lair:3   | Found a transporter.
 14693 | Lair:3   | Noticed Kirke
 14701 | Lair:3   | Killed Kirke
 14772 | Lair:3   | You fall into a shaft and drop 2 floors!
 14772 | Lair:5   | Entered Level 5 of the Lair of Beasts
 15083 | Lair:3   | Found a transporter.
 15139 | Lair:3   | Found the +0 pair of fencer's gloves {Riposte Dex+3}
 15190 | Lair:3   | HP: 1/133 [some lava collision (17)]
 15193 | Lair:3   | Engulfed by a cloud of foul pestilence

Illustrated notes

Levels and vault maps discovered:
D:1:      erik_arrival_triangle_small, layout_loops_corners,
          shapermc_ecumenical_altar_petra
D:2:      layout_basic, serial_shops, nicolae_shop_behind_doors
D:3:      layout_rooms, serial_shops, shop, uniq_sigmund
D:4:      layout_rooms, ebering_ghost_reflecting_pool, uniq_eustachio,
          uniq_edmund, uniq_robin
D:5:      cheibrodos_two_vegetables, layout_basic,
          minmay_temple_entry_proselytizer, water_boxes_lemuel, uniq_menkaure
D:6:      layout_loops_cross, minmay_misc_feat_roman, minivault_1,
          lightli_corner_chamber, uniq_pikel
D:7:      minmay_razor_zed, layout_loops_ring, serial_shops, shop,
          david_defended_altar_orc, uniq_prince_ribbit1
D:8:      layout_basic, grunt_temple_overflow_cloverleaf,
          minmay_misc_feat_hallway, uniq_joseph, uniq_maurice
D:9:      minmay_the_grid_3x2 [minmay_the_grid_expand,
          minmay_the_grid_outer_circle, minmay_the_grid_paths,
          minmay_the_grid_fan, minmay_the_grid_armoury,
          minmay_the_grid_prize_diamond_cup], layout_gridville
D:10:     layout_roguey, minmay_door_square, kb_rosetta
D:11:     layout_basic, lair_entry_dummy, serial_co_window_serial,
          co_window_cross_1, co_window_of_opportunity_a, co_window_paths_b,
          co_window_corner_a, co_window_corner_a, co_window_2corner,
          co_window_of_opportunity_b, co_window_paths_c, co_window_2corner,
          co_window_paths_e, glass_columns_b, glass_columns_a, glass_columns_c,
          glass_columns_c, glass_columns_a
D:12:     layout_roguey [special_room_orc], orc_0_dummy, uniq_nergalle
D:13:     layout_gridville, ximxim_vaults_locker_room, serial_shops,
          nicolae_stop_n_shop_2, nicolae_shop_bloodbath_and_beyond,
          shop_fountains, shop_fountains, nicolae_water_bricks
D:14:     layout_loops_ring, gammafunk_ghost_mausoleum, serial_park_avenue1,
          kennysheep_opposing_triangles
Temple:   dpeg_five_rooms_temple
Lair:1:   gammafunk_boulding_lane, layout_long_grid,
          nicolae_volcano_entry_vermiform
Lair:2:   layout_regular_city, nicolae_spider_entry_orb_guardian,
          hellmonk_guarded_unrand_vines
Lair:3:   gammafunk_worm_tunnel, layout_big_grid, nicolae_shoals_entry_roost,
          eino_house_with_fridge, uniq_kirke
Lair:4:   layout_roguey, dpeg_slime_entry_enclosed, uniq_nessos, uniq_sonja
Lair:5:   evilmike_catoblepas_cave, layout_misc_corridors, worms_lemuel
Orc:1:    layout_diamond_mine, ebering_ghost_disaster_area, basic_altar,
          dreamdust_deal_with_the_devil
Orc:2:    st_orc_congregation, layout_diamond_mine, mines5_lemuel

Skill      XL: |  1  2  3  4  5  6  7  8  9 10 11 12 13 14 |
---------------+-------------------------------------------+-----
Maces & Flails | 2 3 4 5 7 8 10 13 14 | 14.4
Fighting       | 3 8 9 10 11 | 11.8
Invocations    | 1 8 9 |  9.5
Shields        | 4 8 10 | 10.8
Armour         | 5 8 9 |  9.4
Throwing       | 2 4 5 |  5.3
Dodging        | 1 2 |  2.3

Action                     |  1- 3 |  4- 6 |  7- 9 | 10-12 | 13-15 || total
---------------------------+-------+-------+-------+-------+-------++-------
  Melee: Flail             |   140 |   124 |   268 |       |       ||   532
         Tailslap          |    14 |    16 |    35 |    47 |    99 ||   211
         Mace              |       |       |       |   393 |   570 ||   963
         Broad axe         |       |       |       |       |    28 ||    28
 Invoke: Heroism           |       |       |       |     4 |       ||     4
  Evoke: Wand              |       |       |       |    10 |     4 ||    14
    Use: Potion            |       |     1 |     3 |     4 |     5 ||    13
         Scroll            |       |       |     6 |    20 |     9 ||    35
 Armour: Scale mail        |    64 |       |       |       |       ||    64
         Ring mail         |     1 |    65 |    94 |    57 |       ||   217
         Leather armour    |       |       |       |   137 |    33 ||   170
         Plate armour      |       |       |       |       |   519 ||   519
  Dodge: Dodged            |    41 |    48 |    76 |   123 |   164 ||   452
  Block: Kite shield       |    55 |    53 |   103 |   253 |   499 ||   963

Table legend: (Time is in decaauts)
 A = Elapsed time spent in this place.
 B = Non-inter-level travel time spent in this place.
 C = Inter-level travel time spent in this place.
 D = Time resting spent in this place.
 E = Time spent auto-exploring this place.
 F = Levels seen in this place.
 G = Mean time per level.
                   A        B        C        D        E       F      G
               +--------+--------+--------+--------+--------+-----+--------+
         Total |  15526 |  14673 |    853 |    907 |   9801 |  23 |  675.0 |
       Dungeon |  11269 |  10629 |    640 |    855 |   7077 |  14 |  804.9 |
        Temple |    134 |     85 |     49 |      0 |     70 |   1 |  134.0 |
          Lair |   2304 |   2200 |    104 |      0 |   1697 |   5 |  460.8 |
  Orcish Mines |   1601 |   1541 |     60 |     52 |    920 |   2 |  800.5 |
       Volcano |    216 |    216 |      0 |      0 |     37 |   1 |  216.0 |
               +--------+--------+--------+--------+--------+-----+--------+

Top non-repeatable levels by time:
    D:11: 1510 daAuts
     D:7: 1117 daAuts
    D:12: 1084 daAuts
     D:1: 1070 daAuts
   Orc:2: 1057 daAuts
     D:6: 1023 daAuts
     D:9: 945 daAuts
  Lair:1: 881 daAuts
  Lair:2: 878 daAuts
     D:8: 838 daAuts
     D:5: 833 daAuts
     D:2: 741 daAuts
    D:10: 738 daAuts
     D:3: 718 daAuts
     D:4: 616 daAuts
